 Dungeon Crawl Stone Soup version 0.24.0-28-g17ded55e90 (webtiles) character file.

Game seed: 17210686210489859582, levelgen mode: deterministic

84 Gumption the Poker (level 4, -25/35 HPs)
             Began as a Merfolk Gladiator on Nov 11, 2019.
             Was an Initiate of Cheibriados.
             Annihilated by an ogre
             ... wielding a +0 giant spiked club
              (28 damage)
             ... on level 4 of the Dungeon.
             The game lasted 00:12:17 (2162 turns).

Gumption the Poker (Merfolk Gladiator)              Turns: 2162, Time: 00:12:18

Health: -25/35     AC:  4    Str: 14 (16) XL:     4   Next: 45%
Magic:  3/4        EV: 14    Int: 12 (13) God:    Cheibriados [......]
Gold:   144        SH:  0    Dex: 15 (16) Spells: 3/3 levels left

rFire    . . .     SeeInvis .   a - +0 trident
rCold    . . .     Gourm    .   (no shield)
rNeg     . . .     Faith    .   b - +0 leather armour
rPois    .         Spirit   .   c - +0 helmet
rElec    .         Reflect  .   (no cloak)
rCorr    .         Harm     .   (no gloves)
MR       .....                  (no boots)
Stlth    +.........             (no amulet)
HPRegen  0.11/turn              (no ring)
MPRegen  0.09/turn              (no ring)

@: brilliant, very slow
A: change form in water, swift swim, stealthy swim
a: Bend Time, Renounce Religion


You were on level 4 of the Dungeon.
You worshipped Cheibriados.
Cheibriados was noncommittal.
You were hungry.

You visited 1 branch of the dungeon, and saw 3 of its levels.

You collected 144 gold pieces.

Inventory:

Hand Weapons
 a - a +0 trident (weapon)
Missiles
 d - 3 throwing nets
 f - 64 stones (quivered)
 m - 13 sling bullets
 n - 13 poisoned darts
Armour
 b - a +0 leather armour (worn)
 c - a +0 helmet (worn)
Jewellery
 g - an uncursed amulet of harm {unknown}
 t - an uncursed ring of protection from magic {unknown}
Scrolls
 i - a scroll of enchant weapon {unknown}
 o - a scroll of identify {unknown}
 r - a scroll of remove curse {unknown}
 s - 2 scrolls of enchant armour {unknown}
 u - a scroll of random uselessness {unknown}
 v - a scroll of noise {unknown}
Potions
 k - a potion of berserk rage {unknown}
 l - a potion of lignification {unknown}
 p - a potion of degeneration
 q - a potion of magic {unknown}
Comestibles
 e - a ration


   Skills:
 + Level 3.0 Fighting
 * Level 6.2 Polearms
 - Level 2.0 Throwing
 + Level 4.8 Dodging


You had 3 spell levels left.
You didn't know any spells.
Your spell library was empty.

Dungeon Overview and Level Annotations

Branches:
Dungeon (2/15)

Altars:
Cheibriados
Kikubaaqudgha
Ru
Vehumet
Wu Jian

Annotations:
D:4 Edmund, Ijyb, Menkaure, Pikel


Message History

* * * LOW HITPOINT WARNING * * *
The slave hits you but does no damage. The ogre completely misses you.
The leopard gecko bites you but does no damage.
You feel better.
Edmund the Younger comes into view.
He is wielding a +0 dire flail of protection.
The leopard gecko misses you. Ijyb barely misses you. The slave hits you.
* * * LOW HITPOINT WARNING * * *
The ogre closely misses you.
It was a potion of degeneration.
There was something very wrong with that liquid.
You feel weakened.
You feel dopey.
You feel clumsy. The leopard gecko closely misses you.
Ijyb hits you but does no damage. The slave hits you but does no damage.
It was a potion of brilliance.
You feel clever all of a sudden.
You are feeling hungry.
The leopard gecko completely misses you.
The ogre hits you with a +0 giant spiked club!!
Ouch! That really hurt!
You die...

...............#
#.........#
##...#....#
##./......#####
#..#._.#......#
##............#
.......p#Kp.....#
....@..MlgO....##
........##@pp..#..#
.....### #######
..... ...


You could see Edmund, Pikel, an ogre, 4 slaves, Ijyb, Menkaure and a leopard
gecko.

Vanquished Creatures
  4 adders (D:2)
  2 worms (D:2)
  A dart slug (D:1)
  A leopard gecko (D:1)
  2 bats (D:1)
  3 goblins
  6 hobgoblins
  2 jackals (D:1)
  3 frilled lizards
  10 kobolds
  A leopard gecko skeleton (D:2)
  5 rats
40 creatures vanquished.

Notes
Turn   | Place    | Note
-------+----------+-------------------------------------------
     0 | D:1      | Gumption the Merfolk Gladiator began the quest for the Orb.
     0 | D:1      | Reached XP level 1. HP: 16/16 MP: 1/1
    83 | D:1      | Reached XP level 2. HP: 22/23 MP: 2/2
   269 | D:1      | Reached skill level 5 in Polearms
   493 | D:1      | Found a snail-covered altar of Cheibriados.
   714 | D:1      | Reached XP level 3. HP: 28/28 MP: 3/3
  1013 | D:1      | Became a worshipper of Cheibriados the Contemplative
  1573 | D:2      | Reached skill level 6 in Polearms
  1573 | D:2      | Reached XP level 4. HP: 29/34 MP: 4/4
  1872 | D:2      | Found an ancient bone altar of Kikubaaqudgha.
  1872 | D:2      | Found a faded altar of an unknown god.
  1877 | D:2      | Found a faded altar of an unknown god.
  1879 | D:2      | Found an ornate altar of the Wu Jian Council.
  1881 | D:2      | Found a sacrificial altar of Ru.
  2140 | D:2      | You fall into a shaft and drop 2 floors!
  2140 | D:4      | Found a radiant altar of Vehumet.
  2140 | D:4      | Noticed a slave
  2140 | D:4      | Noticed a slave
  2140 | D:4      | Noticed a slave
  2140 | D:4      | Noticed a slave
  2140 | D:4      | Noticed Ijyb
  2141 | D:4      | Noticed Pikel
  2144 | D:4      | Noticed an ogre
  2147 | D:4      | Noticed Menkaure
  2160 | D:4      | Noticed Edmund
  2162 | D:4      | Annihilated by an ogre

Levels and vault maps discovered:
D:1:      minmay_arrival_checkered_box, layout_loops_ring, dk_noncrumbling_2,
          minmay_hexomino_r4
D:2:      layout_loops_corners, chequers_temple_overflow_minitemple,
          minmay_tree_intersection, kennysheep_cluttered_room
D:4:      layout_cave_pods, vehumet_altar_wand_db, uniq_menkaure, uniq_pikel,
          uniq_edmund, uniq_ijyb

Skill      XL: |  1  2  3  4 |
---------------+-------------+-----
Polearms       | 5 6 |  6.2
Fighting       | 3 |  3.0
Throwing       | |  2.0
Dodging        | |  4.8

Action                   |  1- 3 |  4- 6 || total
-------------------------+-------+-------++-------
Melee: Trident           |    86 |    22 ||   108
Throw: Stone             |    11 |    17 ||    28
Invok: Bend Time         |       |     1 ||     1
  Use: Potion            |       |     5 ||     5
  Eat: Ration            |     1 |       ||     1
       Chunk             |       |     1 ||     1
Armor: Leather armour    |    16 |    11 ||    27
Dodge: Dodged            |    45 |    38 ||    83
